 Dungeon Crawl Stone Soup version 0.26.1-2-gb8aa6d0cf2 (webtiles) character file.

Game seed: 6234398587568512292

994 nightchill the Slicer (level 8, 0/50 HPs)
             Began as a Kobold Brigand on Feb 28, 2021.
             Slain by a killer bee (8 damage)
             ... on level 6 of the Dungeon.
             The game lasted 00:21:21 (7002 turns).

nightchill the Slicer (Kobold Brigand)              Turns: 7002, Time: 00:21:22

Health: 0/50       AC:  9    Str:  9    XL:     8   Next: 42%
Magic:  8/8        EV: 13    Int: 12    God:
Gold:   306        SH:  0    Dex: 18    Spells: 7/7 levels left

rFire    . . .     SeeInvis .   a - +0 dagger (freeze)
rCold    . . .     Faith    .   (shield restricted)
rNeg     . . .     Spirit   .   G - +3 leather armour
rPois    +         Reflect  .   (no helmet)
rElec    .         Harm     .   c - +0 cloak
rCorr    .         Rampage  .   l - +1 pair of gloves
Will     .....                  (no boots)
Stlth    +++++.....             (no amulet)
HPRegen  0.16/turn              E - ring of poison resistance
MPRegen  0.11/turn              (no ring)

@: no status effects
A: small, nightstalker 3
a: no special abilities


You were on level 6 of the Dungeon.
You visited 1 branch of the dungeon, and saw 7 of its levels.

You collected 306 gold pieces.

Inventory:

Hand Weapons
 a - a +0 dagger of freezing (weapon)
 b - a +0 dagger of speed
 m - a +0 short sword
 u - a +2 dagger
 y - a +4 dagger
 A - a +0 rapier
Missiles
 d - 54 poisoned darts (quivered)
 e - 2 curare-tipped darts
 i - 336 stones
 n - 7 boomerangs
 v - 5 atropa-tipped darts
Armour
 c - a +0 cloak (worn)
 g - a +0 ring mail
 k - a cursed +0 ring mail
 l - a +1 pair of gloves (worn)
 w - a +0 robe
 G - a +3 leather armour (worn)
Jewellery
 E - a ring of poison resistance (left hand)
 H - an uncursed ring of ice
Wands
 z - a wand of digging (5)
Scrolls
 h - 5 scrolls of blinking
 j - a scroll of remove curse
 p - a scroll of amnesia
 q - 2 scrolls of magic mapping
 x - 3 scrolls of teleportation
 F - a scroll of identify
Potions
 f - a potion of mutation {unknown}
 o - a potion of attraction {unknown}
 s - a potion of magic
 B - 2 potions of brilliance
 C - a potion of cancellation
 D - 2 potions of flight {unknown}
 I - a potion of lignification {unknown}
 J - 2 potions of haste {unknown}


   Skills:
 + Level 5.4 Fighting
 * Level 9.0 Short Blades
 - Level 2.1 Throwing
 - Level 1.2 Dodging
 + Level 8.5 Stealth


You had 7 spell levels left.
You didn't know any spells.
Your spell library contained the following spells:

 Spells                   Type           Power        Failure   Level
 Apportation              Tloc           0%           43%         1
 Lesser Beckoning         Tloc           0%           80%         3
 Tukima's Dance           Hex            0%           80%         3
 Alistair's Intoxication  Tmut/Pois      0%           100%        5
 Invisibility             Hex            0%           100%        6


Dungeon Overview and Level Annotations

Branches:
Dungeon (7/15)
 Temple: D:4-7

Altars:
Nemelex Xobeh
Vehumet
Wu Jian

Annotations:
D:2 exclusion: downstairs
D:3 exclusion: downstairs
D:5 2 transporters, exclusion: downstairs, funkygono's ghost, novice DsMo


Innate Abilities, Weirdness & Mutations

You are small and have problems with some larger weapons.
You are completely attuned to the shadows.


Message History

* * * LOW HITPOINT WARNING * * *
You completely miss the killer bee.
The killer bee is severely wounded.
The killer bee closely misses you.
The killer bee stings you but does no damage.
The killer bee completely misses you.
You closely miss the killer bee.
The killer bee is severely wounded.
The killer bee barely misses you.
The killer bee stings you but does no damage.
You barely miss the killer bee.
The killer bee is severely wounded.
The killer bee stings you.
* * * LOW HITPOINT WARNING * * *
The killer bee closely misses you.
You hit the killer bee. You freeze the killer bee.
The killer bee is almost dead.
The killer bee barely misses you. The killer bee misses you.
The killer bee stings you!
You die...

*,,,,,,,,,*,,,,,........
*,**,,,,,,,,,,,,........
*****,,,,,,,,,,,........
##* #.......,,,,........
#.#* #.........,,......o.
#..###.....(...,,....o...
**#..#..........∩........
###....y....(.,...y<...
##...@y....(.,........
***#<...........,.....>..
#.....#.........,........
####..#....$....,.##.....
#..#.###..##.,,,***,,,
#....,*##.#*,,,,**,,,*
*,***,,**..*,,,,*,,***
*** ***,**,*,,,,,,**
**,*,*,,,,,,*


You could see 2 killer bees.

Vanquished Creatures
  A sky beast (D:6)
  3 ogres
  2 scorpions
  A killer bee (D:5)
  An orc priest (D:4)
  A centaur skeleton (D:4)
  Jessica (D:2)
  2 iguanas
  2 orc wizards (D:4)
  4 worker ants (D:4)
  A worker ant zombie (D:7)
  A gnoll (D:4)
  5 adders
  A howler monkey skeleton (D:6)
  A shadow imp (D:5)
  2 adder skeletons (D:4)
  A worm (D:2)
  4 leopard geckos
  19 orcs
  8 bats
  9 giant cockroaches
  10 hobgoblins
  4 jackals (D:3)
  5 quokkas
  3 ball pythons
  9 frilled lizards
  6 goblins
  7 kobolds
  A leopard gecko skeleton (D:4)
  A quokka zombie (D:6)
  7 rats
123 creatures vanquished.

Notes
Turn   | Place    | Note
-------+----------+-------------------------------------------
     0 | D:1      | nightchill the Kobold Brigand began the quest for the Orb.
     0 | D:1      | Reached XP level 1. HP: 12/12 MP: 1/1
    72 | D:1      | Reached skill level 3 in Short Blades
   151 | D:1      | Reached XP level 2. HP: 18/18 MP: 2/2
   956 | D:2      | Reached XP level 3. HP: 22/22 MP: 3/3
  1182 | D:2      | Noticed Jessica
  1186 | D:2      | Killed Jessica
  1187 | D:2      | Reached skill level 4 in Short Blades
  1187 | D:2      | Reached XP level 4. HP: 27/27 MP: 4/4
  2561 | D:3      | Reached XP level 5. HP: 32/32 MP: 5/5
  2689 | D:3      | Found a faded altar of an unknown god.
  2938 | D:3      | Reached skill level 5 in Short Blades
  3441 | D:4      | Noticed an ogre
  3689 | D:4      | Found an ornate altar of the Wu Jian Council.
  3937 | D:4      | Reached XP level 6. HP: 37/37 MP: 6/6
  4023 | D:4      | Reached skill level 6 in Short Blades
  4849 | D:4      | Noticed an ogre
  4852 | D:4      | Killed an ogre
  4853 | D:4      | Reached skill level 7 in Short Blades
  4853 | D:4      | Reached XP level 7. HP: 43/43 MP: 7/7
  5096 | D:4      | You fall into a shaft and drop 3 floors!
  5338 | D:6      | Reached skill level 8 in Short Blades
  5338 | D:6      | Reached XP level 8. HP: 48/48 MP: 8/8
  5454 | D:5      | Entered Level 5 of the Dungeon
  5489 | D:5      | Reached skill level 5 in Fighting
  5493 | D:5      | Found a sparkling altar of Nemelex Xobeh.
  6106 | D:5      | Found a radiant altar of Vehumet.
  6450 | D:5      | Found a transporter.
  6704 | D:5      | Found a transporter.
  6704 | D:5      | Noticed funkygono's ghost (novice DsMo)
  6961 | D:6      | Reached skill level 9 in Short Blades
  7002 | D:6      | Slain by a killer bee

Illustrated notes

Levels and vault maps discovered:
D:1:      amcnicky_arrival_choice, layout_basic, wad_floor_pattern_untrapped
D:2:      layout_rooms, uniq_jessica
D:3:      layout_basic, chequers_ecumenical_altar_grove
D:4:      minmay_bubble_buster, layout_basic, nzn_wu_jian_contemplation
D:5:      layout_loops_ring, nemelex_xobeh_ov_fountains_minmay,
          old_standard_altar, gammafunk_ghost_arena, kennysheep_generic_room_16
D:6:      layout_layer_cave, serial_shops, shop, grunt_decor_resistance
D:7:      layout_cave_pods, minmay_temple_entry_enclosed_plants,
          grunt_gozag_breadcrumbs, uniq_joseph

Skill      XL: |  1  2  3  4  5  6  7  8 |
---------------+-------------------------+-----
Short Blades   | 3 4 5 7 8 9 |  9.0
Fighting       | 3 4 5 |  5.4
Stealth        | 6 7 8 |  8.5
Throwing       | |  2.1
Dodging        | |  1.2

Action                   |  1- 3 |  4- 6 |  7- 9 || total
-------------------------+-------+-------+-------++-------
Melee: Dagger            |    61 |   278 |   140 ||   479
Throw: Dart              |       |    13 |     2 ||    15
  Use: Scroll            |       |     4 |     9 ||    13
       Potion            |       |     4 |     3 ||     7
 Stab: Sleeping          |    15 |    26 |    14 ||    55
       Distracted        |       |     3 |       ||     3
       Invisible         |       |     7 |     1 ||     8
Armor: Robe              |     6 |    31 |     7 ||    44
       Leather armour    |       |       |    15 ||    15
Dodge: Dodged            |    29 |   124 |    59 ||   212
